 Dungeon Crawl Stone Soup version 0.26.0-15-gc6cd9f700b (webtiles) character file.

Game seed: 11613879143279632133

381 teolandon225 the Chopper (level 6, -7/56 HPs)
             Began as a Hill Orc Monk on Jan 15, 2021.
             Was a Believer of Beogh.
             Mangled by Menkaure (16 damage)
             ... on level 4 of the Dungeon.
             The game lasted 00:06:35 (4053 turns).

teolandon225 the Chopper (Hill Orc Monk)            Turns: 4053, Time: 00:06:36

Health: -7/56      AC: 10    Str: 16    XL:     6   Next: 75%
Magic:  6/6        EV:  8    Int: 10    God:    Beogh [**....]
Gold:   169        SH:  0    Dex: 13    Spells: 5/5 levels left

rFire    + . .     SeeInvis .   a - +0 hand axe
rCold    + . .     Faith    .   (no shield)
rNeg     . . .     Spirit   .   q - +0 chain mail
rPois    +         Reflect  .   (no helmet)
rElec    +         Harm     .   (no cloak)
rCorr    +         Rampage  .   j - +0 pair of gloves
Will     .....                  (no boots)
Stlth    ..........             (no amulet)
HPRegen  0.18/turn              (no ring)
MPRegen  0.10/turn              (no ring)

@: resistant
A: no striking features
a: Renounce Religion, Smiting


You were on level 4 of the Dungeon.
You worshipped Beogh.
Beogh was pleased with you.
You visited 1 branch of the dungeon, and saw 4 of its levels.

You collected 169 gold pieces.

Inventory:

Hand Weapons
 a - a +0 hand axe (weapon)
Missiles
 k - a throwing net (quivered)
Armour
 b - a +0 robe
 d - a +1 scale mail
 j - a +0 pair of gloves (worn)
 q - a +0 chain mail (worn)
Jewellery
 g - a +4 ring of protection {unknown}
 n - a +6 ring of dexterity {unknown}
 u - an uncursed ring of poison resistance {unknown}
Scrolls
 c - 4 scrolls of identify
 l - a scroll of remove curse
 o - a scroll of enchant armour
 r - a scroll of blinking {unknown}
 s - a scroll of magic mapping {unknown}
Potions
 e - a potion of heal wounds {unknown}
 f - a potion of invisibility
 i - a potion of curing {unknown}
 m - a potion of haste {unknown}
 p - 2 potions of resistance
 t - 2 potions of magic {unknown}


   Skills:
 + Level 5.0 Fighting
 * Level 6.8 Axes
 + Level 2.9 Armour
 + Level 3.5 Dodging
 - Level 1.5 Stealth


You had 5 spell levels left.
You didn't know any spells.
Your spell library was empty.

Dungeon Overview and Level Annotations

Branches:
Dungeon (4/15)
 Temple: D:4-7

Altars:
Hepliaklqana

Annotations:
D:4 Menkaure


Message History

You hit Menkaure.
Menkaure is moderately damaged.
Menkaure barely misses you.
You slash Menkaure!
Menkaure is heavily damaged.
Your chain mail prevents you from hitting Menkaure.
Menkaure is heavily damaged.
Menkaure hits you!
* * * LOW HITPOINT WARNING * * *
You hit Menkaure.
Menkaure is severely damaged.
Menkaure calls on the powers of darkness!
Your body is wracked with pain!
* * * LOW HITPOINT WARNING * * *
Okay, then.
Okay, then.
It was a potion of resistance.
You feel protected. Menkaure hits you!
You die...

### ..#### .....# ...
#.##.#####..# ..........o.. ##
...... . .....####..# ##.##
#..... . ............ ##.#.##
#..... . ........#.# ##.#@#.##
#....... ...)..o.#.###(#.#M#.##
#..... . .....#÷.<.##.#.###.#.##
#.#...#.
#...##..###.#)##.##.#.####.......
........##.#÷##.#.##.#.##.....#)M
...##..##.#.##.#.#.##.#.#####....
...##.##.#.##.#.#.#.##.#.##.†....
...####.#.##.#..##.#.##.#.###.#.#
...##.##.#.##.#..##.#.##.#.##.#.#


You could see Menkaure.

Vanquished Creatures
  Eustachio (D:4)
  An iguana (D:4)
  4 gnolls
  11 adders
  An adder skeleton (D:4)
  A worm (D:3)
  3 dart slugs
  A leopard gecko (D:2)
  5 orcs
  A ball python (D:2)
  3 giant cockroaches
  7 hobgoblins
  3 quokkas
  A ball python skeleton (D:4)
  6 bats
  6 frilled lizards
  3 goblins
  8 kobolds
  6 rats
72 creatures vanquished.

Vanquished Creatures (others)
  An orc priest (D:4)
  2 orcs (D:4)
  A frilled lizard (D:4)
  2 plants (D:4)
6 creatures vanquished.

Grand Total: 78 creatures vanquished

Notes
Turn   | Place    | Note
-------+----------+-------------------------------------------
     0 | D:1      | teolandon225 the Hill Orc Monk began the quest for the Orb.
     0 | D:1      | Reached XP level 1. HP: 19/19 MP: 1/1
   503 | D:1      | Reached XP level 2. HP: 24/27 MP: 2/2
   798 | D:2      | Reached skill level 1 in Armour
   933 | D:2      | Reached XP level 3. HP: 25/33 MP: 3/3
  1223 | D:2      | Reached skill level 5 in Axes
  1223 | D:2      | Reached XP level 4. HP: 21/40 MP: 4/4
  1812 | D:2      | Reached XP level 5. HP: 47/47 MP: 5/5
  1842 | D:2      | Found a hazy altar of Hepliaklqana.
  3033 | D:4      | Became a worshipper of Beogh the Brigand
  3033 | D:4      | Reached * piety under Beogh
  3033 | D:4      | Reached ** piety under Beogh
  3265 | D:4      | Reached skill level 6 in Axes
  3751 | D:4      | Reached XP level 6. HP: 50/53 MP: 6/6
  3782 | D:4      | Noticed Eustachio
  3831 | D:4      | Killed Eustachio
  3832 | D:4      | Reached skill level 5 in Fighting
  4009 | D:4      | Noticed Menkaure
  4053 | D:4      | Mangled by Menkaure

Illustrated notes

Levels and vault maps discovered:
D:1:      dpeg_arrival_shelter, layout_basic, hangedman_decor_opposing
D:2:      layout_rooms, nzn_hepliaklqana_mist_gate, minmay_close_crescents
D:3:      layout_rooms
D:4:      minmay_inner_zag, layout_loops_cross, kennysheep_mini_moat,
          gammafunk_temple_overflow_forgotten, uniq_menkaure, uniq_sigmund,
          uniq_eustachio

Skill      XL: |  1  2  3  4  5  6 |
---------------+-------------------+-----
Armour         | 1 2 |  2.9
Fighting       | 4 5 |  5.0
Axes           | 5 6 |  6.8
Dodging        | 3 |  3.5
Stealth        | |  1.5

Action                   |  1- 3 |  4- 6 || total
-------------------------+-------+-------++-------
Melee: Hand axe          |   107 |   261 ||   368
Invok: Convert to Beogh  |       |     1 ||     1
  Use: Scroll            |     5 |     2 ||     7
       Potion            |       |     3 ||     3
Armor: Scale mail        |    44 |    75 ||   119
       Chain mail        |       |    91 ||    91
Dodge: Dodged            |    68 |   180 ||   248
